 Dungeon Sprint DCSS version 0.21.1-1-g345015f (webtiles) character file.

5200000 Fang the Sabretooth (level 19, -8/113 HPs)
             Began as a Felid Fighter on Apr 11, 2018.
             Was the Champion of Makhleb.
             Mangled by a destroyer
             ... wielding a +9 great sword of slicing
              (121 damage)
             ... in the Dungeon (Sprint VIII: "Arena of Blood").
             The game lasted 00:01:07 (52 turns).

Fang the Sabretooth (Felid Fighter)                   Turns: 52, Time: 00:01:07

Health: -8/113     AC:  3    Str: 18    XL:     19   Next: 84%
Magic:  51/51      EV: 39    Int: 11    God:    Makhleb [******]
Gold:   0          SH:  0    Dex: 17    Spells: 72/72 levels left
                                        Lives:  0   Deaths: 3

rFire    . . .     SeeInvis +     - Unarmed
rCold    + . .     Gourm    .   (shield unavailable)
rNeg     . . .     Faith    .   (armour unavailable)
rPois    .         Spirit   .   (helmet unavailable)
rElec    .         Reflect  .   (cloak unavailable)
rCorr    .         Harm     .   (gloves unavailable)
MR       ++...     NoTele   +   (boots unavailable)
Stlth    +++++++++.             (no amulet)
HPRegen  0.28/turn              i - +27000 ring of slaying
MPRegen  0.32/turn              (no ring)

@: quick
A: very small, no armour, no weapons or thrown items, stealth, claws 1, fangs 3,
see invisible, carnivore, speed 1, shaggy fur 3, slow metabolism 1, sharp paws
a: Minor Destruction, Lesser Servant of Makhleb, Major Destruction, Greater
Servant of Makhleb, Renounce Religion


You were in the Dungeon.
You worshipped Makhleb.
Makhleb was exalted by your worship.
You were not hungry.

You visited 1 branch

Inventory:

Jewellery
 i - a +27000 ring of slaying (left paw)
Scrolls
 h - a scroll of blinking
Potions
 a - a potion of might
 c - a potion of curing
 d - a potion of heal wounds
 e - a potion of haste
 f - 2 potions of magic
 g - a potion of berserk rage
Comestibles
 b - a ration


   Skills:
 O Level 27 Fighting
 O Level 27 Dodging
 O Level 27 Stealth
 O Level 27 Unarmed Combat
 O Level 27 Spellcasting
 O Level 27 Invocations


You had 72 spell levels left.
You didn't know any spells.

Dungeon Overview and Level Annotations

Branches:
Dungeon (1/1)

Altars:
Makhleb

Annotations:
D The Servant


Innate Abilities, Weirdness & Mutations

You cannot wear armour.
You are incapable of wielding weapons or throwing items.
Your paws allow you to move quietly. (Stealth)
You have sharp claws.
You have razor-sharp teeth.
You have supernaturally acute eyesight. (SInv)
You are carnivorous and can eat meat at any time.
You cover ground quickly.
Your thick and shaggy fur keeps you warm. (AC +3, rC+)
You have a slow metabolism.
Your sharp claws are effective at attacking unaware monsters.


Message History

Unknown command.
The meat berserker appears out of thin air!
A meat berserker comes into view. It is wielding a +9 battleaxe.
The destroyer blinks!
You hear a shout! x4; The tyrant shouts!
A meat berserker comes into view. It is wielding a +9 battleaxe.
You hear a shout! x3
The destroyer blinks!
You hear a shout! x2
The meat berserker appears out of thin air!
A meat berserker comes into view. It is wielding a +9 battleaxe.
You hear a shout! x3
The meat berserker rages.
You eviscerate the meat berserker!!!!!!!!!!!!
You kill the meat berserker!
Makhleb accepts your kill.
You hear a shout! x2
The destroyer hits you with a +9 great sword of slicing!!!!
Ouch! That really hurt!
You die...

.......#..VoO†.#....o
.... ...§.....O......
.#.......ox.oOO.o.O#.
#....V...V.o.o....#..
.#..............##o..
#.....#........#§. ..
.....VV...V....#... #
.....##.#............
.......)@....... ....
.####..VO#.....## #..
...............
#........L......
####.......=....
#############


You could see a tyrant, 5 destroyers, 4 meat berserkers, 4 bags of meat and a
crawling corpse.

Vanquished Creatures
  2 vampire knights (D)
  11 ogres (D)
  13 orcs (D)
  A crawling corpse (D)
27 creatures vanquished.

Notes
Turn   | Place    | Note
-------+----------+-------------------------------------------
     0 | D        | Fang the Felid Fighter began the quest for the Orb.
     0 | D        | Reached XP level 1. HP: 10/10 MP: 2/2
     3 | D        | Noticed a meat berserker
     4 | D        | Became a worshipper of Makhleb the Destroyer
     6 | D        | Killed a meat berserker
     6 | D        | Reached skill level 15 in Fighting
     6 | D        | Reached XP level 2. HP: 27/27 MP: 3/3
     6 | D        | Reached XP level 3. HP: 30/30 MP: 4/4
     6 | D        | Reached XP level 4. HP: 34/34 MP: 5/5
     6 | D        | Reached XP level 5. HP: 38/38 MP: 6/6
     6 | D        | Gained mutation: You are covered in thick fur. (AC +2) [Felid growth]
     6 | D        | Reached XP level 6. HP: 42/42 MP: 7/7
     6 | D        | Reached XP level 7. HP: 46/46 MP: 8/8
     6 | D        | Reached XP level 8. HP: 50/50 MP: 9/9
     6 | D        | Reached XP level 9. HP: 54/54 MP: 10/10
     6 | D        | Reached XP level 10. HP: 58/58 MP: 11/11
     6 | D        | Reached XP level 11. HP: 62/62 MP: 12/12
     6 | D        | Gained mutation: Your thick and shaggy fur keeps you warm. (AC +3, rC+) [Felid growth]
     6 | D        | Reached XP level 12. HP: 66/66 MP: 13/13
     6 | D        | Reached XP level 13. HP: 70/70 MP: 14/14
     8 | D        | Noticed a meat berserker
     8 | D        | Noticed a bag of meat
     9 | D        | Noticed a meat berserker
     9 | D        | Killed a meat berserker
     9 | D        | Reached * piety under Makhleb
     9 | D        | Reached skill level 27 in Unarmed Combat
     9 | D        | Reached XP level 14. HP: 78/78 MP: 15/15
    10 | D        | Noticed a bag of meat
    11 | D        | Killed a meat berserker
    11 | D        | Reached XP level 15. HP: 88/88 MP: 16/16
    14 | D        | Noticed a meat berserker
    15 | D        | Reached skill level 27 in Dodging
    16 | D        | Noticed a meat berserker
    17 | D        | Killed a meat berserker
    17 | D        | Reached ** piety under Makhleb
    17 | D        | Reached skill level 27 in Fighting
    17 | D        | Reached XP level 16. HP: 100/100 MP: 17/17
    19 | D        | Noticed a meat berserker
    21 | D        | Reached *** piety under Makhleb
    21 | D        | Reached skill level 15 in Spellcasting
    21 | D        | Reached XP level 17. HP: 104/104 MP: 17/37
    22 | D        | Noticed a meat berserker
    22 | D        | Noticed a large bag of meat
    23 | D        | Noticed a meat berserker
    24 | D        | Killed a meat berserker
    24 | D        | Reached skill level 27 in Stealth
    25 | D        | Reached **** piety under Makhleb
    25 | D        | Reached XP level 18. HP: 109/109 MP: 17/44
    26 | D        | Noticed a meat berserker
    27 | D        | Killed a meat berserker
    28 | D        | Noticed a destroyer
    29 | D        | Noticed a large bag of meat
    29 | D        | Reached skill level 27 in Invocations
    29 | D        | Reached XP level 19. HP: 87/113 MP: 18/50
    30 | D        | Noticed a meat berserker
    30 | D        | Killed a meat berserker
    30 | D        | Reached ***** piety under Makhleb
    30 | D        | Reached skill level 27 in Spellcasting
    30 | D        | Noticed a destroyer
    32 | D        | Noticed a destroyer
    33 | D        | Noticed The Servant
    33 | D        | Annihilated by a meat berserker
    34 | D        | Reached XP level 18. HP: -81/109 MP: 19/50
    34 | D        | Noticed a meat berserker
    34 | D        | Noticed a large bag of meat
    36 | D        | Noticed a sculptor of flesh
    36 | D        | Noticed a destroyer
    37 | D        | Killed a meat berserker
    37 | D        | Reached XP level 19. HP: 113/113 MP: 51/51
    38 | D        | Noticed a destroyer
    39 | D        | Killed a destroyer
    40 | D        | Noticed a large bag of meat
    40 | D        | Killed a meat berserker
    41 | D        | Killed a destroyer
    41 | D        | Reached XP level 20. HP: 118/118 MP: 52/52
    42 | D        | Killed a meat berserker
    43 | D        | Noticed an eight-headed meat hydra
    44 | D        | Slain by a destroyer
    45 | D        | Reached XP level 19. HP: -2/113 MP: 51/51
    45 | D        | Noticed a meat berserker
    45 | D        | Noticed a meat berserker
    45 | D        | Noticed a destroyer
    45 | D        | Noticed a meat berserker
    45 | D        | Noticed a meat berserker
    45 | D        | Noticed a destroyer
    47 | D        | Reached XP level 20. HP: 118/118 MP: 52/52
    49 | D        | Annihilated by a large bag of meat
    50 | D        | Reached XP level 19. HP: -34/113 MP: 51/51
    50 | D        | Noticed a meat berserker
    50 | D        | Noticed a destroyer
    50 | D        | Noticed a tyrant
    51 | D        | Noticed a meat berserker
    52 | D        | Noticed a meat berserker
    52 | D        | Killed a meat berserker
    52 | D        | Reached ****** piety under Makhleb
    52 | D        | Mangled by a destroyer

Skill      XL: |  1  2  3  4  5  6  7  8  9 10 11 12 13 14 15 16 17 18 19 |
---------------+----------------------------------------------------------+-----
Fighting       | 15 18 22 27 | 27.0
Dodging        | 18 22 26 27 | 27.0
Unarmed Combat | 24 27 | 27.0
Stealth        | 22 27 | 27.0
Spellcasting   | 15 21 26 27 | 27.0
Invocations    | 16 22 27 | 27.0

Action                   |  1- 3 |  4- 6 |  7- 9 | 10-12 | 13-15 | 16-18 | 19-21 || total
-------------------------+-------+-------+-------+-------+-------+-------+-------++-------
Melee: Unarmed           |     1 |       |       |       |     4 |    10 |    12 ||    27
Invok: Major Destruction |       |       |       |       |       |     1 |       ||     1
       Greater Servant o |       |       |       |       |       |     1 |       ||     1
Dodge: Dodged            |       |       |       |       |     1 |     2 |     9 ||    12
